 Dungeon Crawl Stone Soup version 0.29.1-1-gd02db6906a (webtiles) character file.

Game seed: 8232865954762825538

39 Metae the Trooper (level 3, -2/33 HPs)
             Began as a Minotaur Fighter on Sept 29, 2022.
             Slain by Natasha (4 damage)
             ... on level 1 of the Dungeon.
             The game lasted 00:03:04 (1394 turns).

Metae the Trooper (Minotaur Fighter)                Turns: 1394, Time: 00:03:05

Health: -2/33      AC:  9    Str: 22    XL:     3   Next: 28%
Magic:  2/2        EV:  7    Int:  5    God:
Gold:   34         SH:  4    Dex:  9    Spells: 2/2 levels left

rFire   . . .      SeeInvis .   a - +0 flail
rCold   . . .      Faith    .   c - +0 buckler
rNeg    . . .      Spirit   .   m - +0 chain mail
rPois   .          Reflect  .   (helmet restricted)
rElec   .          Harm     .   (no cloak)
rCorr   .          Rampage  .   (no gloves)
Will    .....                   (no boots)
Stlth   ..........              (no amulet)
HPRegen 0.11/turn               (no ring)
MPRegen 0.08/turn               (no ring)

@: mighty
A: horns 2, retaliatory headbutt
a: no special abilities


You were on level 1 of the Dungeon.
You visited 1 branch of the dungeon, and saw 2 of its levels.

You collected 34 gold pieces.

Inventory:

Hand Weapons
 a - a +0 flail (weapon)
Missiles
 k - 16 stones (quivered)
Armour
 c - a +0 buckler (worn)
 m - a +0 chain mail (worn)
Scrolls
 b - a scroll of immolation {unknown}
 e - a scroll of magic mapping {unknown}
 f - a scroll of fog {unknown}
 h - 2 scrolls of identify {unknown}
 i - a scroll of torment {unknown}
 l - a scroll of enchant weapon {unknown}
Potions
 d - 2 potions of might
 g - a potion of heal wounds {unknown}
 j - 2 potions of flight {unknown}


   Skills:
 + Level 4.1 Fighting
 + Level 3.0 Maces & Flails
 + Level 4.1 Armour
 + Level 4.1 Shields


You had 2 spell levels left.
You didn't know any spells.
Your spell library was empty.

Dungeon Overview and Level Annotations

Branches:
Dungeon (2/15)

Altars:

Shops:
D:1 *

Annotations:
D:1 Natasha
D:2 Sigmund


Innate Abilities, Weirdness & Mutations

You have a pair of horns on your head.
You reflexively headbutt those who attack you in melee.


Message History

The goblin hits you but does no damage. The white imp hits you.
The white imp freezes you. Natasha barely misses you.
The goblin hits you with a +0 dagger.
You hit the white imp but do no damage. Your headbutt misses the white imp.
The white imp is severely wounded.
The white imp hits you but does no damage.
Natasha casts a spell.
Sigmund hits you from afar with a +0 scythe!
* * * LOW HITPOINT WARNING * * *
The goblin hits you but does no damage. The white imp barely misses you.
Sigmund mumbles some strange words.
Sigmund flickers and vanishes!
Deactivating autopickup; reactivate with Ctrl-A.
The goblin closely misses you. Natasha claws you.
* * * LOW HITPOINT WARNING * * *
There is a stone staircase leading up here.
The goblin hits you but does no damage. Natasha claws you.
* * * LOW HITPOINT WARNING * * *
You climb upwards.
The white imp disappears in a puff of smoke!
The crimson imp disappears in a puff of smoke!
Reactivating autopickup.
There is a stone staircase leading down here.
You feel very mighty all of a sudden. The goblin hits you but does no damage.
Natasha mumbles some strange words.
You feel troubled. Natasha barely misses you.
You closely miss Natasha. The goblin completely misses you.
Natasha completely misses you.
You hit Natasha. Your headbutt misses Natasha.
Natasha is moderately wounded.
You block the goblin's attack. Natasha casts a spell at you.
You resist with significant effort.
You barely miss Natasha. You headbutt Natasha!
Natasha is severely wounded.
The goblin closely misses you. Natasha claws you but does no damage.
The goblin hits you but does no damage. Natasha claws you.
You die...

#≈≈≈≈#...#≈# #≈≈≈≈#._.'.##
###########≈≈≈≈#...#..##
####..........~≈≈≈#####~..#
##....##########≈≈≈≈≈≈≈≈≈~.#
...#### #~~≈≈≈≈≈≈≈~.# ####
#.≈~≈≈≈≈≈~~.# #g##~≈≈≈≈#..#
#@h.######.## ########
###........# .......#
#.######## ######.# #.#
#.###########.#
#.............#
#..#########..# #..#
#######..# ######..#
#...)....#


You could see Natasha and a goblin.

Vanquished Creatures
  4 ball pythons (D:1)
  2 endoplasms (D:1)
  A giant cockroach (D:1)
  5 goblins (D:1)
  5 hobgoblins (D:1)
  6 jackals
  A bat (D:2)
  4 frilled lizards
  5 kobolds
  3 rats (D:1)
36 creatures vanquished.

Notes
Turn   | Place    | Note
-------+----------+-------------------------------------------
     0 | D:1      | Metae the Minotaur Fighter began the quest for the Orb.
     0 | D:1      | Reached XP level 1. HP: 19/19 MP: 0/0
   254 | D:1      | Reached XP level 2. HP: 27/27 MP: 1/1
   269 | D:1      | Found a faded altar of an unknown god.
   540 | D:1      | Found Uriewas's Assorted Antiques.
   920 | D:1      | Reached XP level 3. HP: 33/33 MP: 2/2
  1154 | D:2      | Noticed Sigmund
  1171 | D:2      | Noticed Natasha
  1389 | D:2      | HP: 1/33 [Natasha (6)]
  1394 | D:1      | Slain by Natasha

Illustrated notes

Levels and vault maps discovered:
D:1:      grunt_arrival_lava_bath, layout_loops_ring, serial_shops,
          shop_fountains, nicolae_ecumenical_lake_church,
          chequers_serial_rivers_marsh
D:2:      layout_basic, st_stairs_10, uniq_sigmund, uniq_natasha

Skill      XL: |  1  2  3 |
---------------+----------+-----
Fighting       | 4 |  4.1
Armour         | 4 |  4.1
Shields        | 4 |  4.1
Maces & Flails | 3 |  3.0

Action                   || total
-------------------------++-------
Melee: Flail             ||    76
       Headbutt          ||    11
Throw: Stone             ||     2
  Use: Potion            ||     1
Armor: Scale mail        ||    29
       Chain mail        ||    47
Dodge: Dodged            ||    60
Block: Buckler           ||    24
